 Dungeon Crawl Stone Soup version 0.29.1-1-gd02db6906a (webtiles) character file.

Game seed: 5089006044028067806

450 hawla the Poker (level 7, -1/50 HPs)
             Began as a Meteoran Wanderer on Oct 6, 2022.
             Killed from afar by an orc wizard (4 damage)
             ... with a magic dart
             ... on level 4 of the Dungeon.
             The game lasted 00:09:26 (2651 turns).

hawla the Poker (Meteoran Wanderer)                 Turns: 2651, Time: 00:09:26

Health: -1/50      AC:  6    Str: 11    XL:     7   Next: 50%
Magic:  6/9        EV: 10    Int: 14    God:
Gold:   169        SH:  0    Dex: 18    Spells: 4/7 levels left

rFire   . . .      SeeInvis .   j - +0 flail (protect)
rCold   . . .      Faith    .   (no shield)
rNeg    + . .      Spirit   .   c - +0 ring mail
rPois   .          Reflect  .   k - +1 hat
rElec   .          Harm     .   (no cloak)
rCorr   .          Rampage  .   (no gloves)
Will    .....                   (no boots)
Stlth   +.........              (no amulet)
HPRegen 0.16/turn               i - ring of positive energy
MPRegen 0.11/turn               (no ring)

@: glowing
A: sense surroundings 1, otherworldly, glowing, explore regen
a: no special abilities


You were on level 4 of the Dungeon.
You visited 1 branch of the dungeon, and saw 5 of its levels.

You collected 169 gold pieces.

Inventory:

Hand Weapons
 a - a +1 spear
 j - a +0 flail of protection (weapon)
Armour
 c - a +0 ring mail (worn)
 k - a +1 hat (worn)
Jewellery
 i - a ring of positive energy (left hand)
 l - a ring of poison resistance
 r - a +4 ring of evasion
Wands
 q - a wand of mindburst (7)
Scrolls
 d - 2 scrolls of teleportation
 h - a scroll of silence
 m - 3 scrolls of magic mapping
 p - 2 scrolls of butterflies
Potions
 b - a potion of attraction {unknown}
 e - a potion of berserk rage {unknown}
 f - a potion of mutation {unknown}
 g - a potion of brilliance {unknown}
 o - 4 potions of flight


   Skills:
 - Level 6.1 Polearms
 - Level 3.8 Armour
 - Level 1.2 Dodging
 - Level 2.4 Unarmed Combat
 + Level 0.8 Spellcasting
 * Level 5.0 Conjurations
 * Level 5.0 Fire Magic


You had 4 spell levels left.
You knew the following spells:

 Your Spells              Type           Power      Damage    Failure   Level
a - Conjure Flame         Conj/Fire      14%        6-21      24%         3

Your spell library contained the following spells:

 Spells                   Type           Power      Damage    Failure   Level
 Sticky Flame             Conj/Fire      14%        2d4       61%         4
 Ignite Poison            Fire/Tmut/Pois 5%         N/A       67%         3
 Frozen Ramparts          Ice            0%         1d1       87%         3
 Ice Form                 Ice/Tmut       0%         N/A       99%         4
 Summon Ice Beast         Ice/Summ       0%         N/A       99%         4


Dungeon Overview and Level Annotations

Branches:
Dungeon (5/15) Zot: 430
 Temple: D:4-7

Altars:

Shops:
D:1 ?


Innate Abilities, Weirdness & Mutations

You passively map a small area around you.
You are easily found by Zot.
You glow in the dark.
You regain HP and MP as you explore.


Message History

The quokka bites you but does no damage.
Your Fire Magic skill increases to level 5!
You completely miss the quokka.
The orc hits you from afar with a +0 trident.
The quokka closely misses you. The orc hits you but does no damage.
You hit the quokka.
The quokka is almost dead.
The quokka bites you but does no damage.
The orc hits you but does no damage.
The quokka bites you but does no damage.
You closely miss the quokka.
The quokka is almost dead.
The quokka bites you but does no damage.
The orc hits you but does no damage.
The quokka bites you but does no damage.
The orc barely misses you.
You sock the quokka!
You kill the quokka!
The orc hits you but does no damage.
You miss something. Something hits you but does no damage.
The orc hits you but does no damage.
You barely miss something. Your punch misses something. Something hits you.
The orc hits you from afar with a +0 trident. x2
* * * LOW HITPOINT WARNING * * *
You hear some strange, mumbled words.
A puff of flame appears from out of thin air!
The puff of flame hits you.
* * * LOW HITPOINT WARNING * * *
Something hits you but does no damage.
Casting: Conjure Flame (dangerous; 24% risk of failure)
Confirm with . or Enter, or press ? or * to list all spells.
The fire begins to smoulder!
Something hits you.
* * * LOW HITPOINT WARNING * * *
The orc hits you from afar with a +0 trident.
* * * LOW HITPOINT WARNING * * *
Something smothers the flame.
Something completely misses you.
A magic dart appears from out of thin air!
The magic dart hits you.
You die...

** , * ###### , , .....# ####.#
, # #.# ######### .....###..#
####.####..).....####)........#
.............>..@.......>.....#
###.#####.######.####.........##
# #.# .# #{# #........... # #.#
.# #o# #.......!... ###.#####.#
#.####........... ##........#
#....)..)......# * ##..#######
######.........#, ##..#
#.........# ....# ###......##


You could see an orc.

Vanquished Creatures
  A black bear (D:5)
  A scorpion (D:4)
  A howler monkey (D:4)
  A hound (D:4)
  An orc wizard (D:4)
  7 gnolls
  5 adders
  3 worms
  4 dart slugs
  9 orcs
  5 bats
  4 endoplasms
  2 giant cockroaches
  6 goblins
  6 hobgoblins
  4 jackals (D:3)
  3 kobolds
  2 quokkas (D:4)
  6 ball pythons (D:2)
  2 frilled lizards
  4 rats (D:1)
77 creatures vanquished.

Notes
Turn   | Place    | Note
-------+----------+-------------------------------------------
     0 | D:1      | hawla the Meteoran Wanderer began the quest for the Orb.
     0 | D:1      | hawla set off with the following items: a +0 spear, a
                  | potion of haste, a +0 ring mail, a scroll of teleportation.
     0 | D:1      | Reached XP level 1. HP: 14/14 MP: 2/2
    24 | D:1      | Reached skill level 5 in Polearms
    49 | D:1      | Found a faded altar of an unknown god.
    96 | D:1      | Reached XP level 2. HP: 16/20 MP: 3/3
   163 | D:1      | Found Qihipp's Magic Scroll Emporium.
   305 | D:1      | Reached XP level 3. HP: 26/26 MP: 4/4
   509 | D:1      | Glimpsed the power of Zot.
   676 | D:2      | Reached skill level 6 in Polearms
   750 | D:2      | Reached XP level 4. HP: 32/33 MP: 5/5
   754 | D:2      | Learned a level 3 spell: Conjure Flame
   930 | D:2      | Reached skill level 1 in Fire Magic
  1122 | D:2      | Glimpsed the power of Zot.
  1168 | D:3      | Identified a scroll of acquirement
  1170 | D:3      | Acquired a book of Rime
  1355 | D:2      | Reached skill level 1 in Conjurations
  1472 | D:2      | Reached XP level 5. HP: 27/38 MP: 6/6
  1739 | D:3      | Glimpsed the power of Zot.
  1796 | D:4      | Reached XP level 6. HP: 23/45 MP: 7/7
  2264 | D:4      | Reached XP level 7. HP: 29/50 MP: 8/8
  2376 | D:4      | Glimpsed the power of Zot.
  2399 | D:5      | Entered Level 5 of the Dungeon
  2630 | D:4      | Reached skill level 5 in Conjurations
  2636 | D:4      | Reached skill level 5 in Fire Magic
  2649 | D:4      | HP: 2/50 [orc/+0 trident (6)]
  2651 | D:4      | Killed from afar by an orc wizard

Illustrated notes

Levels and vault maps discovered:
D:1:      minmay_arrival_stair_chambers, layout_basic, serial_shops, shop,
          shapermc_ecumenical_altar_mp_highgroup
D:2:      minmay_recursive_quarters, layout_rooms, minmay_circle_x,
          uniq_crazy_yiuf_cottage
D:3:      layout_basic, minmay_misc_feat_tower
D:4:      layout_loops_ring
D:5:      layout_rooms, grunt_temple_overflow_open,
          minmay_temple_entry_glassed_door, hex_intersection,
          hangedman_glass_teeth

Skill      XL: |  1  2  3  4  5  6  7 |
---------------+----------------------+-----
Polearms       | 5 6 |  6.1
Fire Magic     | 2 3 4 5 |  5.0
Conjurations   | 1 2 4 5 |  5.0
Armour         | |  3.8
Dodging        | |  1.2
Unarmed Combat | |  2.4
Spellcasting   | |  0.8

Action                   |  1- 3 |  4- 6 |  7- 9 || total
-------------------------+-------+-------+-------++-------
Melee: Spear             |    86 |   210 |    54 ||   350
       Punch             |     1 |     5 |     2 ||     8
       Flail             |       |       |    14 ||    14
 Cast: Conjure Flame     |       |     2 |     5 ||     7
Evoke: Wand              |       |     1 |     4 ||     5
  Use: Scroll            |     2 |     8 |       ||    10
       Potion            |       |     2 |       ||     2
Armor: Ring mail         |    16 |    89 |    44 ||   149
Dodge: Dodged            |    15 |    85 |    33 ||   133
